 Dungeon Crawl Stone Soup version 0.27.1 (webtiles) character file.

Game seed: 4326093127926063334

10956 pkoi the Grappler (level 11, 0/105 HPs)
             Began as a Troll Fighter on Aug 27, 2021.
             Was a High Priest of Fedhas.
             Slain by Snorg (14 damage)
             ... on level 11 of the Dungeon.
             The game lasted 00:11:42 (8438 turns).

pkoi the Grappler (Troll Fighter)                   Turns: 8438, Time: 00:11:42

Health: 0/105      AC: 14    Str: 28    XL:     11   Next: 43%
Magic:  12/14      EV:  9    Int:  5    God:    Fedhas [*****.]
Gold:   496        SH: 11    Dex:  9    Spells: 13/14 levels left

rFire    . . .     SeeInvis .     - Unarmed
rCold    . . .     Faith    .   b - +1 kite shield
rNeg     . . .     Spirit   .   z - +0 swamp dragon scales
rPois    +         Reflect  .   (helmet restricted)
rElec    .         Harm     .   v - +0 cloak
rCorr    +         Rampage  .   (gloves unavailable)
Will     .....                  (boots unavailable)
Stlth    ..........             C - amulet of magic regeneration
HPRegen  1.27/turn              h - +4 ring of protection
MPRegen  0.39/turn              y - ring of resist corrosion

@: about to teleport
A: large, unfitting armour, claws 3, regeneration 1, shaggy fur 1, tough skin 1
a: Renounce Religion, Wall of Briars, Grow Ballistomycete, Overgrow, Grow Oklob


You were on level 11 of the Dungeon.
You worshipped Fedhas.
Fedhas was extremely pleased with you.
You visited 2 branches of the dungeon, and saw 12 of its levels.
You also visited: Sewer.

You collected 526 gold pieces.
You spent 30 gold pieces at shops.

Inventory:

Missiles
 r - 6 curare-tipped darts (quivered)
 s - 7 boomerangs
 A - 3 throwing nets
Armour
 a - a +0 robe
 b - a +1 kite shield (worn)
 v - a +0 cloak (worn)
 z - +0 swamp dragon scales (worn)
Jewellery
 h - a +4 ring of protection (left claw)
 w - a ring of fire
 y - a ring of resist corrosion (right claw)
 C - an amulet of magic regeneration (around neck)
 D - a ring of protection from fire
 E - a ring of magical power
Wands
 j - a wand of flame (44)
 p - a wand of iceblast (7)
Scrolls
 k - a scroll of fear
 n - 2 scrolls of identify
 q - a scroll of enchant armour
 x - a scroll of summoning
 B - a scroll of amnesia
Potions
 c - 2 potions of might
 d - a potion of flight
 e - 4 potions of attraction
 f - 5 potions of curing
 i - 2 potions of berserk rage
 l - 2 potions of heal wounds
 m - 3 potions of cancellation
 o - a potion of haste
 t - a potion of resistance


   Skills:
 - Level 5.7 Fighting
 - Level 5.7 Dodging
 + Level 6.3 Shields
 + Level 11.6 Unarmed Combat
 - Level 2.0 Spellcasting
 - Level 2.4 Transmutations
 + Level 6.3 Invocations


You had 13 spell levels left.
You knew the following spells:

 Your Spells              Type           Power      Damage    Failure   Level
a - Beastly Appendage     Tmut           4%         N/A       41%         1

Your spell library contained the following spells:

 Spells                   Type           Power      Damage    Failure   Level
 Mephitic Cloud           Conj/Pois/Air  0%         N/A       98%         3
 Summon Guardian Golem    Hex/Summ       0%         N/A       98%         3
 Fulminant Prism          Conj/Hex       0%         3d6       100%        4
 Ice Form                 Ice/Tmut       1%         N/A       100%        4
 Iskenderun's Mystic Bla  Conj/Tloc      0%         2d3       100%        4
 Lee's Rapid Deconstruct  Erth           0%         3d5*      100%        5
 Orb of Destruction       Conj           0%         N/A       100%        7
 Spellforged Servitor     Conj/Summ      0%         N/A       100%        7


Dungeon Overview and Level Annotations

Branches:
Dungeon (11/15)            Temple (1/1) D:5            Lair (0/6) D:11
  Sewer (visited)
    Orc: D:9-12

Altars:
Ashenzari
Cheibriados
Dithmenos
Elyvilon
Fedhas
Gozag
Hepliaklqana
Kikubaaqudgha
Makhleb
Nemelex Xobeh
Okawaru
Qazlal
Ru
Sif Muna
Trog
Uskayaw
Vehumet
Wu Jian
Xom
Yredelemnul
Zin
The Shining One

Shops:
D:7 *

Annotations:
D:6 2 transporters
D:7 3 runed translucent doors, bnorton916's ghost, novice DECj
D:11 Snorg


Innate Abilities, Weirdness & Mutations

You are too large for most types of armour.
You have claws for hands.
Your natural rate of healing is unusually fast.
You are covered in fur. (AC +1)
You have tough skin. (AC +1)


Message History

You are too injured to fight recklessly!
Snorg closely misses you. Snorg claws you! You block Snorg's attack.
Snorg rages.
Press: ? - help, Dir - move target A ballistomycete grows from the ground.
Snorg bites you!
* * * LOW HITPOINT WARNING * * *
You block Snorg's attack. Snorg claws you!!
* * * LOW HITPOINT WARNING * * *
Snorg bites you!!
* * * LOW HITPOINT WARNING * * *
You block Snorg's attack. Snorg barely misses you.
You hear a shout!
You barely miss Snorg.
Snorg is lightly wounded.
You block Snorg's attack. x2; Snorg claws you but does no damage.
Unknown command.
You feel much better. Snorg bites you!!
* * * LOW HITPOINT WARNING * * *
Snorg claws you but does no damage. x2
Okay, then.
Unknown command.
Unknown command.
As you read the scroll of teleportation, it crumbles to dust.
You feel strangely unstable.
You hear the beating of a very distant drum.
Snorg closely misses you. Snorg claws you!
* * * LOW HITPOINT WARNING * * *
You block Snorg's attack. The rust devil hits you.
A cyclops comes into view.
Snorg barely misses you. You block Snorg's attack. Snorg claws you.
* * * LOW HITPOINT WARNING * * *
A kobold demonologist comes into view. It is wielding a +0 dagger.
The kobold demonologist looks satisfied for a moment.
Snorg rages.
The kobold demonologist miscasts a cantrip.
The kobold demonologist miscasts a cantrip.
The kobold demonologist mumbles some strange words.
You block Snorg's attack. Snorg barely misses you. Snorg claws you!
You die...
Fedhas appreciates your contribution to the ecosystem.

#..[..# .C
#KK.# #.#
#K# ##'##
#.###...##
#.†ZP....##
###KK.3...##
#...*.....#
+...T4....+
#....@....#
##.......##
##..>..##
##...##
##'#####
#.#...
####.#.#
#......####
#.|.......#


You could see Snorg (berserk, ally target), a rust devil (summoned), 3 kobold
demonologists, a neqoxec (summoned), a meliai zombie, a kobold, a friendly
ballistomycete (summoned) and a friendly ballistomycete spore.

Vanquished Creatures
  Harold (D:7)
  A two-headed ogre (D:8)
  An elephant (D:11)
  Maggie (D:7)
  Grinder (D:5)
  30 yaks
  A shadow (D:10)
  A wraith (D:10)
  A wyvern (D:11)
  A steam dragon (D:6)
  2 water moccasins
  2 ice beasts (D:7)
  A necrophage (D:4)
  3 black bears
  An orc warrior (D:9)
  A sky beast (D:8)
  2 ogres (D:5)
  3 centaurs
  A phantom (D:6)
  3 bullfrogs (D:9)
  2 kobold brigands
  A gnoll sergeant (D:10)
  A scorpion (D:3)
  3 killer bees (D:7)
  19 wights
  3 howler monkeys
  4 centaur zombies
  A bullfrog skeleton (D:5)
  3 jellies
  2 orc priests
  3 hounds
  A gnoll shaman (D:6)
  Crazy Yiuf (D:5)
  A human zombie (D:4)
  Jessica (D:3)
  5 orc wizards
  3 iguanas
  A hound skeleton (D:4)
  2 hound zombies (D:4)
  A mummy (D:4)
  3 howler monkey zombies
  6 gnolls
  7 adders
  A river rat (D:5)
  2 white imps (D:6)
  4 adder zombies (D:4)
  3 worms (D:4)
  2 dart slugs (D:3)
  33 orcs
  5 bats
  8 endoplasms
  4 giant cockroaches
  6 goblins
  9 hobgoblins
  6 jackals
  3 quokkas
  4 ball pythons
  A frilled lizard (D:2)
  20 kobolds
  14 rats
257 creatures vanquished.

Vanquished Creatures (collateral kills)
  5 ballistomycete spores
5 creatures vanquished.

Vanquished Creatures (others)
  A gnoll (D:6)
  A ballistomycete spore (D:11)
  2 plants (D:8)
4 creatures vanquished.

Grand Total: 266 creatures vanquished

Notes
Turn   | Place    | Note
-------+----------+-------------------------------------------
     0 | D:1      | pkoi the Troll Fighter began the quest for the Orb.
     0 | D:1      | Reached XP level 1. HP: 22/22 MP: 0/0
   325 | D:1      | Found a faded altar of an unknown god.
   384 | D:1      | Reached XP level 2. HP: 29/29 MP: 1/1
   405 | D:1      | Became a worshipper of Fedhas Madash
   405 | D:1      | Reached * piety under Fedhas
   693 | D:1      | Reached skill level 3 in Unarmed Combat
   945 | D:2      | Got the Volume of Transmutation and Toxins
   977 | D:2      | Reached XP level 3. HP: 36/36 MP: 2/2
  1308 | D:3      | Noticed a scorpion
  1316 | D:3      | Killed a scorpion
  1316 | D:3      | HP: 1/36 [poisoned by a scorpion]
  1317 | D:3      | Reached skill level 4 in Unarmed Combat
  1317 | D:3      | Reached XP level 4. HP: 1/44 MP: 3/3
  1321 | D:3      | HP: 2/66 [poisoned by a scorpion]
  1326 | D:3      | HP: 3/66 [poisoned by a scorpion]
  1482 | D:3      | Noticed a +0 hand axe
  1484 | D:3      | Noticed a +0 hand axe
  1489 | D:3      | Found a hide-covered altar of Uskayaw.
  1599 | D:3      | Found a shimmering altar of Xom.
  1707 | D:3      | Noticed Jessica
  1728 | D:3      | Killed Jessica
  1728 | D:3      | Reached ** piety under Fedhas
  1729 | D:3      | Reached skill level 5 in Unarmed Combat
  1744 | D:3      | Reached XP level 5. HP: 39/50 MP: 4/4
  1849 | D:3      | Found a basalt altar of Yredelemnul.
  1970 | D:3      | Found a blossoming altar of Fedhas.
  2216 | D:4      | Reached skill level 6 in Unarmed Combat
  2221 | D:4      | Noticed a necrophage
  2227 | D:4      | Killed a necrophage
  2228 | D:4      | Reached XP level 6. HP: 57/59 MP: 5/5
  2241 | D:4      | Reached skill level 7 in Unarmed Combat
  2281 | D:4      | Found an ancient bone altar of Kikubaaqudgha.
  2573 | D:4      | Reached XP level 7. HP: 66/66 MP: 6/6
  2810 | D:4      | Reached *** piety under Fedhas
  2892 | D:4      | Reached skill level 8 in Unarmed Combat
  3388 | D:5      | Entered Level 5 of the Dungeon
  3401 | D:5      | Noticed Grinder
  3495 | D:5      | Paralysed by Grinder for 2 turns
  3502 | D:5      | Killed Grinder
  3503 | D:5      | Reached skill level 9 in Unarmed Combat
  3514 | D:5      | Reached XP level 8. HP: 66/74 MP: 7/7
  3589 | D:5      | Found a glowing drain.
  3711 | Sewer    | Entered a sewer
  4134 | D:5      | Reached skill level 1 in Invocations
  4190 | D:5      | Found a staircase to the Ecumenical Temple.
  4195 | Temple   | Entered the Ecumenical Temple
  4301 | D:5      | Found a runed translucent door.
  4302 | D:5      | Noticed Crazy Yiuf
  4393 | D:5      | Killed Crazy Yiuf
  4455 | D:6      | Found a broken altar of Ashenzari.
  4494 | D:6      | Learned a level 1 spell: Beastly Appendage
  4563 | D:6      | Found a transporter.
  4569 | D:6      | Found a transporter.
  4569 | D:6      | Found a stormy altar of Qazlal.
  4624 | D:6      | Reached **** piety under Fedhas
  4737 | D:6      | Found a shadowy altar of Dithmenos.
  4882 | D:7      | Reached skill level 1 in Transmutations
  4906 | D:7      | Reached XP level 9. HP: 83/83 MP: 9/9
  4926 | D:7      | Reached skill level 10 in Unarmed Combat
  5019 | D:7      | Noticed Maggie
  5045 | D:7      | Killed Maggie
  5046 | D:7      | Reached skill level 1 in Spellcasting
  5298 | D:7      | Found a bloodstained altar of Trog.
  5373 | D:7      | Noticed Harold
  5384 | D:7      | Killed Harold
  5591 | D:7      | Identified the +5 short sword of Rofaut Jocu {drain, Int+7}
  5707 | D:7      | Found a runed translucent gate.
  5709 | D:7      | Found a runed translucent gate.
  5709 | D:7      | Found a runed translucent gate.
  5709 | D:7      | Found an opulent altar of Gozag.
  5712 | D:7      | Noticed a troll
  5712 | D:7      | Noticed bnorton916's ghost (novice DECj)
  5797 | D:7      | Found Zumuexek's General Store.
  5800 | D:7      | Found a sacrificial altar of Ru.
  5804 | D:7      | Bought a potion of curing for 30 gold pieces
  6159 | D:8      | Reached XP level 10. HP: 94/94 MP: 12/12
  6419 | D:8      | Reached skill level 5 in Fighting
  6722 | D:8      | Noticed a two-headed ogre
  6728 | D:8      | Killed a two-headed ogre
  6729 | D:8      | Reached skill level 5 in Dodging
  6729 | D:8      | Reached skill level 5 in Shields
  6915 | D:9      | Reached skill level 5 in Invocations
  6922 | D:9      | Reached skill level 11 in Unarmed Combat
  6947 | D:9      | Found a white marble altar of Elyvilon.
  6980 | D:9      | Reached ***** piety under Fedhas
  7050 | D:9      | Reached XP level 11. HP: 85/104 MP: 14/14
  7563 | D:10     | Entered Level 10 of the Dungeon
  8408 | D:11     | Found a staircase to the Lair.
  8412 | D:11     | Noticed Snorg
  8438 | D:11     | Slain by Snorg

Illustrated notes

Levels and vault maps discovered:
D:1:      co_arrival_random_square_maze, layout_basic,
          hellmonk_ecumenical_altar_leap_of_faith
D:2:      layout_basic
D:3:      layout_rooms, tgw_xom, fedhas_altar_fruit_tree,
          dancing_weapons_uskayaw, marbit_many_paths, uniq_jessica
D:4:      layout_layer_cave, lemuel_mausoleum_altar_kikubaaqudgha,
          minmay_fractal_squares_diagonal_5
D:5:      layout_cave_pools, minmay_temple_entry_glassed_door,
          gup_sewer_entry_spiral, fountainhead, uniq_grinder,
          uniq_crazy_yiuf_cottage
D:6:      layout_rooms, grunt_dithmenos_shadows,
          gammafunk_temple_overflow_arena, mainiacjoe_overflow_tiny_flanked,
          serial_curves, eino_curves_02, eino_curves_01
D:7:      layout_layer_cave, trog_hazing_becter,
          mainiacjoe_overflow_concentric_impassable, ebering_ghost_gozag,
          serial_shops, shop, st_stairs_8, kennysheep_generic_room_6,
          uniq_harold, uniq_maggie
D:8:      layout_basic, grunt_ministairs_15, solitary_fountain,
          serial_bayou_pond_c
D:9:      layout_cross, elyvilon_altar_4
D:10:     layout_long_grid
D:11:     layout_loops_corners, david_lair_generic, gauntlet_entry_generic,
          uniq_maurice, uniq_snorg
Temple:   minmay_freezing_vapour_temple

Skill      XL: |  1  2  3  4  5  6  7  8  9 10 11 |
---------------+----------------------------------+-----
Unarmed Combat | 3 4 5 6 7 9 10 11 | 11.6
Invocations    | 2 3 5 6 |  6.3
Fighting       | 3 4 5 |  5.7
Dodging        | 3 4 5 |  5.7
Shields        | 3 4 5 6 |  6.3
Transmutations | 1 2 |  2.4
Spellcasting   | 2 |  2.0

Action                   |  1- 3 |  4- 6 |  7- 9 | 10-12 || total
-------------------------+-------+-------+-------+-------++-------
Melee: Unarmed           |    70 |   176 |   312 |   282 ||   840
Invok: Grow Ballistomyce |       |       |     2 |     2 ||     4
  Use: Scroll            |       |     6 |     5 |     4 ||    15
       Potion            |       |     3 |       |     5 ||     8
 Stab: Sleeping          |       |     1 |     1 |       ||     2
Armor: Robe              |    20 |    57 |    87 |       ||   164
       Swamp dragon scal |       |       |    40 |   106 ||   146
Dodge: Dodged            |    22 |    47 |    79 |    68 ||   216
Block: Kite shield       |    32 |    69 |   158 |   197 ||   456
